 Dungeon Crawl Stone Soup version 0.22.1-6-g1668fe2c40 (webtiles) character file.

3344 Riddle the Fighter (level 9, -1/84 HPs)
             Began as a White Draconian Monk on Jan 16, 2019.
             Was a High Priest of Wu Jian.
             Slain by a yak (33 damage)
             ... on level 8 of the Dungeon.
             The game lasted 00:31:57 (10095 turns).

Riddle the Fighter (White Draconian Monk)          Turns: 10095, Time: 00:31:58

Health: -1/84      AC:  9    Str: 14    XL:     9   Next: 72%
Magic:  13/13      EV: 18    Int: 10    God:    Wu Jian [*****.]
Gold:   325        SH:  0    Dex: 17    Spells: 8/8 levels left

rFire    . . .     SeeInvis .   a - +0 falchion
rCold    + + .     Gourm    +   (no shield)
rNeg     . . .     Faith    .   (armour unavailable)
rPois    +         Spirit   .   (helmet restricted)
rElec    .         Reflect  .   u - +1 cloak {+Inv}
rCorr    .         Harm     .   (no gloves)
MR       .....                  (no boots)
Stlth    ++........             r - amulet of the gourmand
HPRegen  0.24/turn              c - ring of protection from cold
MPRegen  0.13/turn              n - ring of poison resistance

@: sleeping
A: breathe frost, unfitting armour, cold resistance 1, cold-blooded, AC +7
a: Breathe Frost, Wall Jump, Serpent's Lash, Heavenly Storm, Renounce Religion,
Evoke Invisibility


You were on level 8 of the Dungeon.
You worshipped Wu Jian.
Wu Jian was extremely pleased with you.
You were very full.

You visited 1 branch of the dungeon, and saw 8 of its levels.
You also visited: Ossuary.

You collected 325 gold pieces.

Inventory:

Hand Weapons
 a - a +0 falchion (weapon)
Armour
 u - a +1 cloak of invisibility (worn)
Jewellery
 c - a ring of protection from cold (left hand)
 f - an uncursed amulet of guardian spirit
 n - a ring of poison resistance (right hand)
 r - an amulet of the gourmand (around neck)
 t - an uncursed amulet of magic regeneration
 y - an uncursed ring of flight
Wands
 j - a wand of enslavement (8)
Scrolls
 e - 3 scrolls of fog
 g - 2 scrolls of identify
 i - 2 scrolls of random uselessness
 l - 2 scrolls of teleportation
 m - 2 scrolls of remove curse
 z - 2 scrolls of enchant weapon {unknown}
 A - 2 scrolls of immolation {unknown}
 B - a scroll of enchant armour {unknown}
Potions
 d - 3 potions of haste {unknown}
 h - a potion of lignification {unknown}
 k - 2 potions of brilliance {unknown}
 o - 5 potions of curing {unknown}
 p - 5 potions of flight {unknown}
 q - a potion of ambrosia {unknown}
 s - a potion of berserk rage {unknown}
 v - 2 potions of cancellation {unknown}
 w - 4 potions of mutation {unknown}
 x - 2 potions of heal wounds {unknown}
Comestibles
 b - 11 rations


   Skills:
 + Level 9.5 Fighting
 + Level 5.3 Long Blades
 + Level 8.0 Dodging
 - Level 1.7 Stealth
 + Level 6.1 Evocations


You had 8 spell levels left.
You didn't know any spells.
Your spell library contained the following spells:

 Spells                   Type           Power        Failure   Level  Hunger
 Shock                    Conj/Air       #...         36%         1    ##.....
 Swiftness                Chrm/Air       #.......     50%         2    ###....
 Static Discharge         Conj/Air       #.......     75%         3    ####...
 Airstrike                Air            #.........   98%         4    #####..
 Lightning Bolt           Conj/Air       #.........   100%        5    ######.


Dungeon Overview and Level Annotations

Branches:
Dungeon (8/15)             Temple (0/1) D:7
   Lair: D:8-11

Altars:
Gozag
Hepliaklqana
Kikubaaqudgha
Nemelex Xobeh
Ru
Trog
Wu Jian
Xom
Yredelemnul
Zin
The Shining One


Innate Abilities, Weirdness & Mutations

You can breathe waves of freezing cold.
You can buffet flying creatures when you breathe cold.
Your icy white scales are hard. (AC +7)
You cannot fit into any form of body armour.
Your flesh is cold resistant. (rC+)
You are cold-blooded and may be slowed by cold attacks.


Message History

Unknown command.
Unknown command.
You spin and attack the yak.
You hit the yak but do no damage.
The yak is moderately wounded.
You spin to attack the yak, but your attack speed is too slow for a blow to The yak closely misses you.
The yak completely misses you.
Unknown command.
Unknown command.
Unknown command.
Unknown command.
You spin to attack the yak, but your attack speed is too slow for a blow to You spin and attack the yak.
You hit the yak.
The yak is moderately wounded.
The yak barely misses you.
You riposte.
You hit the yak. You tail-slap the yak.
The yak is heavily wounded.
The yak gores you!
The dream sheep shake their wool and sparkle.
You feel drowsy...
You fall asleep.
The yak closely misses you. The yak gores you!!
You die...

*,* #.# **,,* *,* #.# *,,*
*,* #.# *,,* *,*
#.#####**********,,* *,*
#.##..,,,,,,,,,,,,,* *,*
#######.##.#****,*********
*.###.......##.# *,*
***...........##.# *,*
,,<..........)##@#######*#*
***####.......KYY#!....#.%*
* #.##)#.#.Y##≈$...'.%* *
#.#.#....Y##Y%P%.'..*
#.)###.....(Y...%'..*
#.#.#.)...##.....#..*
#.##)#.#..##≈.P≈P##+*
#.####.#..##P≈≈≈≈#,,* #.#
#.#..##PP≈P.+,,*


You could see 2 yaks, a big kobold and 2 dream sheep.

Vanquished Creatures
  Pikel (D:3)
  A wyvern (D:6)
  A hungry ghost (D:7)
  Edmund (D:4)
  A black bear (D:3)
  A phantom (D:7)
  2 ogres
  6 centaurs
  An elf zombie (D:8)
  4 elf skeletons (D:8)
  2 water moccasin zombies (Ossuary)
  2 scorpions
  2 howler monkeys (D:6)
  A hound (D:4)
  A centaur zombie (D:5)
  A bullfrog skeleton (D:5)
  Crazy Yiuf (D:3)
  4 orc priests
  7 orc wizards
  A human zombie (D:8)
  2 human skeletons (D:8)
  2 iguanas
  3 worker ants (D:4)
  4 big kobold zombies (Ossuary)
  A hound zombie (D:6)
  A hound skeleton (D:6)
  2 mummies (Ossuary)
  A gnoll (D:1)
  14 adders
  2 shadow imps (D:7)
  2 oozes
  3 adder zombies (Ossuary)
  2 adder skeletons
  A worm (D:3)
  A dart slug (D:3)
  4 leopard geckos
  30 orcs
  4 ball pythons
  7 giant cockroaches
  5 gnoll zombies (Ossuary)
  5 goblins
  10 hobgoblins
  12 jackals
  7 kobolds
  5 quokkas
  8 bats
  4 frilled lizards
  A giant cockroach zombie (D:5)
  6 hobgoblin zombies (Ossuary)
  6 kobold zombies (Ossuary)
  A leopard gecko zombie (D:5)
  3 orc skeletons (D:8)
  4 orc zombies (Ossuary)
  A quokka skeleton (D:5)
  A rat (D:3)
206 creatures vanquished.

Vanquished Creatures (others)
  An orc (D:4)
1 creature vanquished.

Grand Total: 207 creatures vanquished

Notes
Turn   | Place    | Note
-------+----------+-------------------------------------------
     0 | D:1      | Riddle the Draconian Monk began the quest for the Orb.
     0 | D:1      | Reached XP level 1. HP: 19/19 MP: 1/1
   297 | D:1      | Reached XP level 2. HP: 19/26 MP: 2/2
   628 | D:1      | Reached skill level 4 in Fighting
   668 | D:1      | Reached XP level 3. HP: 32/33 MP: 1/3
  1047 | D:2      | Found an ornate altar of the Wu Jian Council.
  1067 | D:2      | Became a worshipper of the Wu Jian Council
  1067 | D:2      | Reached * piety under Wu Jian
  1067 | D:2      | Reached ** piety under Wu Jian
  1174 | D:2      | Reached XP level 4. HP: 35/41 MP: 2/4
  1725 | D:2      | Found a glowing silver altar of Zin.
  1727 | D:2      | Found a basalt altar of Yredelemnul.
  1727 | D:2      | Found an ancient bone altar of Kikubaaqudgha.
  1729 | D:2      | Found a bloodstained altar of Trog.
  1729 | D:2      | Found a sacrificial altar of Ru.
  1729 | D:2      | Found a shimmering altar of Xom.
  1892 | D:3      | Noticed a centaur
  1892 | D:3      | Noticed a black bear
  1903 | D:3      | HP: 2/41 [centaur (5)]
  1904 | D:3      | Killed a centaur
  1904 | D:3      | Reached skill level 5 in Fighting
  1904 | D:3      | Reached XP level 5. HP: 3/48 MP: 1/5
  2290 | D:3      | Noticed an ogre
  2407 | D:3      | Reached *** piety under Wu Jian
  2417 | D:3      | Killed an ogre
  2417 | D:3      | Reached XP level 6. HP: 32/57 MP: 3/6
  2855 | D:3      | Reached skill level 6 in Fighting
  2902 | D:3      | Reached skill level 5 in Dodging
  3516 | D:3      | Found a runed door.
  3787 | D:3      | Noticed Crazy Yiuf
  3802 | D:3      | Killed Crazy Yiuf
  4086 | D:4      | Your scales start taking on an icy white colour.
  4086 | D:4      | Reached XP level 7. HP: 64/64 MP: 7/7
  4086 | D:4      | Gained mutation: Your flesh is cold resistant. (rC+) [White
                  | Draconian growth]
  4607 | D:4      | Noticed Pikel
  4687 | D:3      | Killed Pikel
  4687 | D:3      | Reached skill level 7 in Fighting
  4687 | D:3      | Reached XP level 8. HP: 13/73 MP: 4/10
  5136 | D:4      | Noticed Edmund
  5166 | D:4      | Killed Edmund
  5783 | D:4      | Reached skill level 8 in Fighting
  5886 | D:5      | Entered Level 5 of the Dungeon
  6199 | D:5      | Found a hazy altar of Hepliaklqana.
  6199 | D:5      | Found a glowing golden altar of the Shining One.
  6423 | D:5      | Reached **** piety under Wu Jian
  6593 | D:5      | Found an ancient bone altar of Kikubaaqudgha.
  6843 | D:5      | Found a glowing silver altar of Zin.
  7295 | D:6      | Reached XP level 9. HP: 30/82 MP: 12/12
  8071 | D:6      | Found an opulent altar of Gozag.
  8254 | D:7      | Reached skill level 5 in Evocations
  8312 | D:7      | Found a staircase to the Ecumenical Temple.
  8762 | D:7      | Found a sparkling altar of Nemelex Xobeh.
  8824 | D:7      | Reached skill level 9 in Fighting
  9486 | D:8      | Found a sand-covered staircase.
  9577 | Ossuary  | Entered an ossuary
  9626 | Ossuary  | Reached ***** piety under Wu Jian
  9638 | Ossuary  | Reached skill level 5 in Long Blades
 10095 | D:8      | Slain by a yak

Skill      XL: |  1  2  3  4  5  6  7  8  9 |
---------------+----------------------------+-----
Dodging        | 3 4 5 6 7 8 |  8.0
Fighting       | 4 5 6 7 8 9 |  9.5
Evocations     | 2 4 6 |  6.1
Long Blades    | 5 |  5.3
Stealth        | |  1.7

Action                   |  1- 3 |  4- 6 |  7- 9 || total
-------------------------+-------+-------+-------++-------
Melee: Falchion          |    88 |   207 |   774 ||  1069
       Tailslap          |     8 |    38 |   186 ||   232
Invok: Whirlwind         |     4 |   123 |   307 ||   434
       Lunge             |     3 |    46 |    35 ||    84
       Wall Jump         |       |     1 |   177 ||   178
 Abil: Breathe Frost     |       |       |     1 ||     1
       Wall Jump         |       |       |     1 ||     1
  Use: Potion            |       |     1 |       ||     1
       Scroll            |       |       |     8 ||     8
 Stab: Sleeping          |     3 |     6 |    10 ||    19
       Invisible         |       |     1 |       ||     1
  Eat: Chunk             |       |    10 |    37 ||    47
       Ration            |       |       |     2 ||     2
Armor: Skin              |    30 |    75 |   173 ||   278
Dodge: Dodged            |    73 |   174 |   543 ||   790
       Rpst.: Falchion   |    21 |    41 |   196 ||   258
